 Dungeon Crawl Stone Soup version 0.31-a0-1308-ga3cce3a448 (webtiles) character file.

Game seed: 2301868856146009682

186 Dirtsage the Changeling (level 5, -1/35 HPs)
             Began as an Octopode Shapeshifter on Dec 19, 2023.
             Slain by Pikel
             ... wielding a +2 whip of freezing
              (2 damage)
             ... on level 4 of the Dungeon.
             The game lasted 00:06:16 (2750 turns).

Dirtsage the Changeling (Octopode Shapeshifter)     Turns: 2750, Time: 00:06:17

Health: -1/35      AC:  1    Str: 13    XL:     5   Next: 65%
Magic:  3/5        EV: 13    Int: 13    God:
Gold:   130        SH:  0    Dex: 13    Spells: 1/4 levels left

rFire   . .          .
                       - Unarmed
rCold   . . .        (no shield)
rNeg    . . .        (helmet currently unavailable)
rPois   .            (no amulet)
rElec   .            W - ring of wizardry
rCorr   .            (no ring)
SInv    .            (no ring)
Will    .....        (no ring)
Stlth   ++           (no ring)
HPRegen 0.25/turn    (no ring)
MPRegen 0.09/turn    (no ring)
                     (no ring)

%: wizardry (x1)
@: beast-form
A: beast (slay +2), almost no armour, amphibious, 8 rings, camouflage 1,
gelatinous body 1, (nimble swimmer 1), tentacles
a: Begin Untransformation


You were on level 4 of the Dungeon.
You were a hulking beast.
You visited 1 branch of the dungeon, and saw 4 of its levels.

You collected 130 gold pieces.

Inventory:

Jewellery
 W - a ring of wizardry (left tentacle)
Talismans
 b - a beast talisman
 c - a flux talisman
 g - a flux talisman
Wands
 j - a wand of polymorph (8)
 k - a wand of iceblast (6)
 r - a wand of paralysis (9)
Scrolls
 e - 3 scrolls of fog
 i - a scroll of poison {unknown}
 l - a scroll of silence
 n - a scroll of revelation
 o - a scroll of enchant weapon
Potions
 a - 2 potions of lignification
 d - a potion of curing {unknown}
 f - a potion of mutation {unknown}
 h - a potion of heal wounds {unknown}
 m - a potion of resistance {unknown}
 p - a potion of degeneration {unknown}
 q - a potion of might {unknown}


   Skills:
 + Level 2.4 Fighting
 + Level 2.8 Dodging
 + Level 3.7 Unarmed Combat
 * Level 1.2 Ice Magic
 * Level 4.2 Shapeshifting


You had one spell level left.
You knew the following spells:

 Your Spells              Type           Power      Damage    Failure   Level
A - Ozocubu's Armour      Ice            3%         N/A       22%         3

Your spell library contained the following spells:

 Spells                   Type           Power      Damage    Failure   Level
 Cigotuvi's Dreadful Rot  Necr/Pois/Air  0%         N/A       19%         2
 Dazzling Flash           Conj/Hex       0%         N/A       34%         3
 Volatile Blastmotes      Fire/Tloc      0%         2d10      34%         3
 Dispel Undead            Necr           0%         3d6       73%         4
 Death Channel            Necr           0%         N/A       100%        6
 Starburst                Conj/Fire      0%         6d3       100%        6
 Ozocubu's Refrigeration  Ice            1%         4d7       100%        7
 Maxwell's Capacitive Co  Air            0%         ∞         100%        8


Dungeon Overview and Level Annotations

Branches:
Dungeon (4/15)
 Temple: D:4-7

Altars:
Wu Jian

Shops:
D:1 ?   D:2 (

Annotations:
D:3 Dig artifact ring
D:4 Pikel


Innate Abilities, Weirdness & Mutations

You are a hulking beast.
Your limbs bulge with bestial killing power. (Slay +2)
You cannot wear most types of armour.
You are amphibious.
You can wear up to eight rings at the same time.
Your skin changes colour to match your surroundings (Stealth+).
Your rubbery body absorbs attacks. (AC +1, EV +1)
((You are camouflaged when in or above water. (Stealth+)))
You have tentacles for arms and can constrict up to eight enemies at once.


Message History

Pikel hits you with a +2 whip of freezing!
Pikel freezes you.
Your magical contamination has completely faded away.
You take 9 damage, and have 17/35 hp.
MASSIVE DAMAGE!!
You barely miss Pikel.
Pikel is lightly wounded.
You constrict Pikel. Pikel misses you.
You tentacle-slap Pikel but do no damage.
You squeeze Pikel.
Pikel is moderately wounded.
You constrict Pikel, but do no damage. Pikel barely misses you.
You tentacle-slap Pikel.
Pikel is heavily wounded.
You constrict Pikel. Pikel misses you.
You tentacle-slap Pikel. You squeeze Pikel, but do no damage.
Pikel is heavily wounded.
You constrict Pikel.
Pikel hits you with a +2 whip of freezing.
Pikel freezes you.
* * * LOW HITPOINT WARNING * * *
You take 8 damage, and have 10/35 hp.
MASSIVE DAMAGE!!
You tentacle-slap Pikel. You squeeze Pikel.
Pikel is heavily wounded.
You constrict Pikel.
Pikel hits you with a +2 whip of freezing.
* * * LOW HITPOINT WARNING * * *
Pikel freezes you.
* * * LOW HITPOINT WARNING * * *
You take 4 damage, and have 6/35 hp.
You tentacle-slap Pikel.
Pikel is severely wounded.
You constrict Pikel. You tentacle-slap Pikel. You squeeze Pikel.
Pikel is almost dead.
You constrict Pikel.
Pikel hits you with a +2 whip of freezing.
* * * LOW HITPOINT WARNING * * *
Pikel freezes you.
You die...
Pikel says, "See you in Hell!"

####.# ...#.# ...#.# #+#####
...#.# ....... ...#.# .......
#..#.#### ###....... +..#....#
#.#.......
#..#....#############.'.......
#...............hK....#.......
###...#######.#########..>..##
###...##.####.### ..##...
.......+........# ..# ##
.......#........# ..#
#####..#....(...# ..#
.......#........# ..#
########...###'##
......##...##...#


You could see Pikel.

Vanquished Creatures
  4 lemures (D:4)
  An iguana (D:4)
  3 gnolls
  5 adders
  A worm (D:2)
  3 dart slugs
  An orc (D:3)
  5 bats
  9 endoplasms
  A giant cockroach (D:4)
  3 hobgoblins
  11 jackals
  8 quokkas
  6 ball pythons
  4 frilled lizards
  3 goblins
  3 kobolds
  3 rats (D:1)
74 creatures vanquished.

Notes
Turn   | Place    | Note
-------+----------+-------------------------------------------
     0 | D:1      | Dirtsage the Octopode Shapeshifter began the quest for the
                  | Orb.
     0 | D:1      | Reached XP level 1. HP: 13/13 MP: 1/1
    78 | D:1      | Reached XP level 2. HP: 18/18 MP: 2/2
   223 | D:1      | Reached XP level 3. HP: 23/23 MP: 3/3
   245 | D:1      | Found Harr's Magic Scroll Emporium.
   280 | D:1      | Found a faded altar of an unknown god.
   779 | D:2      | Reached XP level 4. HP: 26/29 MP: 4/4
  1004 | D:2      | Found Ituodghon's Antique Weapon Emporium.
  1608 | D:3      | Learned a level 3 spell: Ozocubu's Armour
  1720 | D:3      | Reached skill level 4 in Shapeshifting
  1720 | D:3      | Reached XP level 5. HP: 33/34 MP: 5/5
  2095 | D:4      | Reached skill level 1 in Ice Magic
  2369 | D:4      | Found an ornate altar of the Wu Jian Council.
  2599 | D:4      | Noticed a lemure
  2599 | D:4      | Noticed a lemure
  2599 | D:4      | Noticed a lemure
  2599 | D:4      | Noticed a lemure
  2619 | D:4      | Killed a lemure
  2625 | D:4      | Killed a lemure
  2632 | D:4      | Killed a lemure
  2671 | D:4      | Noticed Pikel
  2690 | D:4      | Killed a lemure
  2750 | D:4      | HP: 1/35 [Pikel/+2 whip of freezing (6)]
  2750 | D:4      | Slain by Pikel

Illustrated notes

Levels and vault maps discovered:
D:1:      sevenhm_arrival_forest_fort_large_4, layout_rooms,
          ebering_ecumenical_altar_abandoned, serial_shops, nicolae_shop_crystal
D:2:      layout_loops_ring, serial_shops, nicolae_shop_rolling_square
D:3:      layout_loops_ring, item_on_display_a
D:4:      layout_gridville, nzn_wu_jian_contemplation, serial_co_window_serial,
          co_window_paths_b, co_window_cross_1, co_window_paths_a,
          co_window_corner_a, co_window_cross_1, co_window_of_opportunity_b,
          co_window_broadway_a, co_window_broadway_a, glass_columns_a,
          glass_columns_a, glass_columns_a, glass_columns_a,
          chequers_serial_rivers_room_a, uniq_pikel

Skill      XL: |  1  2  3  4  5 |
---------------+----------------+-----
Fighting       | 2 |  2.4
Shapeshifting  | 4 |  4.2
Ice Magic      | 1 |  1.2
Dodging        | |  2.8
Unarmed Combat | |  3.7

Action                     |  1- 3 |  4- 6 || total
---------------------------+-------+-------++-------
  Melee: Unarmed           |    60 |   105 ||   165
         Constrict         |    17 |    23 ||    40
         Tentacles         |    11 |    30 ||    41
         Punch             |     3 |     4 ||     7
   Cast: Ozocubu's Armour  |       |     2 ||     2
    Use: Scroll            |       |     5 ||     5
   Stab: Sleeping          |     7 |     8 ||    15
 Armour: Skin              |    19 |    33 ||    52
  Dodge: Dodged            |    32 |    43 ||    75

Table legend: (Time is in decaauts)
 A = Elapsed time spent in this place.
 B = Non-inter-level travel time spent in this place.
 C = Inter-level travel time spent in this place.
 D = Time resting spent in this place.
 E = Time spent auto-exploring this place.
 F = Levels seen in this place.
 G = Mean time per level.
                   A        B        C        D        E       F      G
               +--------+--------+--------+--------+--------+-----+--------+
         Total |   2737 |   2634 |    103 |      0 |   2142 |   4 |  684.2 |
       Dungeon |   2737 |   2634 |    103 |      0 |   2142 |   4 |  684.2 |
               +--------+--------+--------+--------+--------+-----+--------+

Top non-repeatable levels by time:
     D:1: 741 daAuts
     D:3: 671 daAuts
     D:4: 667 daAuts
     D:2: 656 daAuts
